 Dungeon Crawl Stone Soup version 0.18.1-8-gdd0e5ea (webtiles) character file.

53 M4edhros the Sneak (level 3, 0/23 HPs)
             Began as an Octopode Artificer on June 8, 2016.
             Slain by a worm (10 damage)
             ... on level 2 of the Dungeon.
             The game lasted 00:00:51 (507 turns).

M4edhros the Sneak (Octopode Artificer)              Turns: 507, Time: 00:00:51

Health: 0/23       AC:  1    Str: 10    XL:     3   Next: 87%
Magic:  5/5        EV: 12    Int: 14    God:
Gold:   63         SH:  0    Dex: 13    Spells: 0 memorised, 2 levels left

rFire  . . .     SeeInvis .     a - +0 short sword
rCold  . . .     Gourm    .     (no shield)
rNeg   . . .     Faith    .     (helmet restricted)
rPois  .         Spirit   .     (no amulet)
rElec  .         Dismiss  .     (no ring)
rCorr  .         Reflect  .     (no ring)
SustAt .         Harm     .     (no ring)
MR     .....                    (no ring)
Stlth  ++++......               (no ring)
                                (no ring)
                                (no ring)
                                (no ring)

@: not resistant to hostile enchantments, stealthy
A: almost no armour, amphibious, 8 rings, constrict 8, camouflage 1, gelatinous
body 1
a: no special abilities


You were on level 2 of the Dungeon.
You were not hungry.

You visited 1 branch of the dungeon, and saw 2 of its levels.

You collected 63 gold pieces.

Inventory:

Hand Weapons
 a - a +0 short sword (weapon)
 m - a +0 hunting sling
Missiles
 n - 12 stones (quivered)
Wands
 b - a wand of flame (15/48)
 c - a wand of enslavement (15/24)
 d - a wand of random effects (15/48)
Scrolls
 e - 2 scrolls of noise {unknown}
 k - a scroll of identify {unknown}
 l - a scroll of remove curse {unknown}
 p - a scroll of random uselessness {unknown}
Potions
 h - a potion of brilliance {unknown}
 i - a potion of might {unknown}
 j - a potion of invisibility {unknown}
 o - 2 potions of magic {unknown}
Comestibles
 f - 2 bread rations
 g - a meat ration


   Skills:
 - Level 1.0 Fighting
 - Level 1.0 Short Blades
 - Level 2.0 Dodging
 + Level 5.2 Stealth
 - Level 3.2 Evocations


You had 2 spell levels left.
You didn't know any spells.

Dungeon Overview and Level Annotations

Branches:
Dungeon (2/15)

Altars:
Qazlal


Innate Abilities, Weirdness & Mutations

You cannot wear most types of armour.
You are amphibious.
You can wear up to eight rings at the same time.
You can use your tentacles to constrict eight enemies at once.
Your skin changes colour to match your surroundings (Stealth).
Your rubbery body absorbs attacks (AC +1).


Message History

Things that are here:
an uncursed hunting sling; 14 stones You hit the worm but do no damage.
You grab the worm. You squeeze the worm.
The worm is moderately wounded.
You constrict the worm. The bat closely misses you. The worm bites you.
You release your grip on the worm.
The bat hits you but does no damage.
You miss the bat. You grab the bat. You constrict the bat.
The bat hits you but does no damage.
The bat struggles to escape constriction. x2
You release your grip on the bat.
The bat barely misses you.
You completely miss the bat. Your grab misses the bat.
The bat is moderately wounded.
The bat barely misses you. The bat misses you.
You hit the bat.
You kill the bat!
You hit the worm. You grab the worm.
The worm is moderately wounded.
You constrict the worm. The worm bites you!
You die...

...........#......#..............
.....#.....########..............
.....#..#...................†....
.....#.>#........................
.....##.#...........##.......(...
........#........?..##...........
........+...........##...........
........#..........(##......#####
........#.......@.)(.........#
.....†...........w†..........#
...##...............().......#
...##...............)........#
...'........#######.)........#
...##.......# #..........#
...##.......# #..........#
...#####....# #......... ...#
#....# #.........


You could see a worm.

Vanquished Creatures
  Jessica (D:2)
  2 dart slugs (D:1)
  3 bats
  4 goblins (D:2)
  4 hobgoblins
  2 kobolds
  7 rats
23 creatures vanquished.

Notes
Turn   | Place    | Note
--------------------------------------------------------------
     0 | D:1      | M4edhros the Octopode Artificer began the quest for the Orb.
     0 | D:1      | Reached XP level 1. HP: 13/13 MP: 3/3
    15 | D:1      | Reached skill level 2 in Stealth
   118 | D:1      | Reached XP level 2. HP: 18/18 MP: 4/4
   123 | D:1      | Reached skill level 3 in Stealth
   277 | D:2      | Found a stormy altar of Qazlal.
   378 | D:2      | Reached skill level 4 in Stealth
   490 | D:2      | Reached XP level 3. HP: 23/23 MP: 5/5
   491 | D:2      | Noticed Jessica
   494 | D:2      | Killed Jessica
   494 | D:2      | Reached skill level 5 in Stealth
   507 | D:2      | Slain by a worm

Skill      XL: |  1  2  3 |
---------------+----------+-----
Stealth        | 2 4 5 |  5.2
Fighting       | |  1.0
Short Blades   | |  1.0
Dodging        | |  2.0
Evocations     | |  3.2

Action                   || total
-------------------------++-------
Melee: Short sword       ||    38
       Constrict         ||    13
       Tentacles         ||    10
 Stab: Sleeping          ||     9
Armor: Skin              ||     7
Dodge: Dodged            ||    14
